 Dungeon Crawl Stone Soup version 0.27-a0-1322-gfdffb62a71 (webtiles) character file.

Game seed: 4847364995634355921

205 Shayle the Skirmisher (level 5, -7/54 HPs)
             Began as an Ogre Warper on June 23, 2021.
             Mangled by Terence (11 damage)
             ... on level 3 of the Dungeon.
             The game lasted 00:07:26 (3383 turns).

Shayle the Skirmisher (Ogre Warper)                 Turns: 3383, Time: 00:07:27

Health: -7/54      AC:  4    Str: 15    XL:     5   Next: 83%
Magic:  8/8        EV: 10    Int: 15    God:
Gold:   70         SH:  0    Dex:  8    Spells: 3/8 levels left

rFire    . . .     SeeInvis .   j - +1 whip (elec)
rCold    + . .     Faith    .   (no shield)
rNeg     . . .     Spirit   .   b - +1 robe
rPois    .         Reflect  .   (helmet restricted)
rElec    .         Harm     .   (no cloak)
rCorr    .         Rampage  .   (gloves unavailable)
Will     .....                  (boots unavailable)
Stlth    +.........             (no amulet)
HPRegen  0.18/turn              f - ring of protection from cold
MPRegen  0.11/turn              (no ring)

@: no status effects
A: large, unfitting armour, tough skin 1
a: no special abilities


You were on level 3 of the Dungeon.
You visited 1 branch of the dungeon, and saw 3 of its levels.

You collected 70 gold pieces.

Inventory:

Hand Weapons
 a - a +0 spear
 j - a +1 whip of electrocution (weapon)
Missiles
 d - 5 boomerangs of dispersal (quivered)
Armour
 b - a +1 robe (worn)
Jewellery
 f - a ring of protection from cold (left hand)
 q - a ring of ice
Wands
 e - a wand of flame (15)
Scrolls
 c - 2 scrolls of blinking
 g - a scroll of enchant armour
 n - a scroll of noise
Potions
 k - a potion of flight {unknown}
 o - 2 potions of berserk rage
 p - a potion of curing
 r - a potion of heal wounds {unknown}


   Skills:
 + Level 4.1 Fighting
 + Level 3.1 Polearms
 - Level 1.0 Throwing
 * Level 3.7 Dodging
 - Level 2.4 Spellcasting
 + Level 3.5 Translocations


You had 3 spell levels left.
You knew the following spells:

 Your Spells              Type           Power      Damage    Failure   Level
a - Blink                 Tloc           N/A        N/A       8%          2
b - Teleport Other        Tloc           12%        N/A       16%         3

Your spell library contained the following spells:

 Spells                   Type           Power      Damage    Failure   Level
 Gell's Gravitas          Tloc           6%         N/A       16%         3
 Lesser Beckoning         Tloc           6%         N/A       16%         3
 Manifold Assault         Tloc           12%        N/A       80%         5


Dungeon Overview and Level Annotations

Branches:
Dungeon (3/15)

Altars:

Shops:
D:1 [

Annotations:
D:2 1 runed translucent door, Crazy Yiuf
D:3 Terence


Innate Abilities, Weirdness & Mutations

You are too large for most types of armour.
You have tough skin. (AC +1)


Message History

An orc priest comes into view.
It is wielding a +0 war axe of electrocution.
The orc hits you with a +0 mace. The orc closely misses you.
You closely miss the orc. You hit the orc but do no damage.
The orc barely misses you.
As you read the scroll of teleportation, it crumbles to dust.
You feel strangely unstable.
The orc priest mumbles some strange prayers to Beogh against you.
Beogh smites you! The orc hits you but does no damage.
Your surroundings suddenly seem different.
Terence hits you with a flail.
An orc priest comes into view. It is wielding a +0 war axe.
An orc comes into view. It is wielding a +0 dagger.
Terence the Incautious comes into view.
He is wielding a +0 flail.
Casting: Teleport Other (dangerous; 16% risk of failure)
Confirm with . or Enter, or press ? or * to list all spells.
Aiming: Teleport Other (dangerous; 16% risk of failure)
Press: ? - help, Shift-Dir - straight line, f - Terence
Aim: Terence, wielding a +0 flail and wearing a +0 scale mail (chance to affect: 57%) Terence resists with significant effort.
Terence barely misses you. Terence hits you with a +0 flail!
An orc comes into view. It is wielding a +0 short sword.
An orc comes into view. It is wielding a +0 club.
The orc shouts!
Terence hits you with a +0 flail. The orc hits you but does no damage.
An orc comes into view. It is wielding a +0 short sword.
The orc shouts!
The orc moves out of view.
Terence closely misses you. Terence misses you.
Terence hits you with a +0 flail.
Terence shouts, "ATTACK!!!"
The orc priest calls down the wrath of Beogh upon you.
Beogh smites you!
* * * LOW HITPOINT WARNING * * *
Terence says, "Don't bother to defend, it's pointless."
Terence hits you with a +0 flail!
* * * LOW HITPOINT WARNING * * *
Terence hits you with a +0 flail!
You die...

#......# ###.####
####.# #....# .
#.#### . #.# #####
#.######### #...#
#.#..o..o.# #...#
#@#.#####.####o#.#
#.@o..o##.#..o.#o.
###.##..o....#####
#.#####.#....#..
#.#####.####.#.#
#..o....# #...#
######### #...#
#####


You could see Terence, an orc priest and 2 orcs.

Vanquished Creatures
  A necrophage (D:2)
  4 gnolls (D:3)
  2 adders (D:2)
  6 endoplasms
  5 giant cockroaches
  8 goblins
  3 hobgoblins
  4 quokkas
  5 ball pythons
  4 bats
  4 frilled lizards
  7 kobolds
  8 rats
61 creatures vanquished.

Notes
Turn   | Place    | Note
-------+----------+-------------------------------------------
     0 | D:1      | Shayle the Ogre Warper began the quest for the Orb.
     0 | D:1      | Reached XP level 1. HP: 22/22 MP: 3/3
   301 | D:1      | Found Vissomak's Armour Boutique.
   463 | D:1      | Reached XP level 2. HP: 26/29 MP: 5/5
   531 | D:1      | Reached skill level 3 in Fighting
  1010 | D:1      | Found a faded altar of an unknown god.
  1037 | D:1      | Reached XP level 3. HP: 36/37 MP: 6/6
  1472 | D:2      | Learned a level 2 spell: Blink
  1476 | D:2      | Learned a level 3 spell: Teleport Other
  1836 | D:2      | Noticed a necrophage
  1876 | D:2      | Killed a necrophage
  1877 | D:2      | Reached XP level 4. HP: 13/48 MP: 1/7
  1877 | D:2      | Reached XP level 5. HP: 15/54 MP: 1/8
  2535 | D:2      | Found a runed translucent door.
  2536 | D:2      | Noticed Crazy Yiuf
  2971 | D:3      | Reached skill level 4 in Fighting
  3341 | D:3      | Noticed Terence
  3383 | D:3      | Mangled by Terence

Illustrated notes

Levels and vault maps discovered:
D:1:      giann_horns, layout_basic, basic_ecumenical_altar, serial_shops,
          nicolae_shop_window_shopping
D:2:      layout_loops_corners, hangedman_feature_mirror, lemuel_old_faithful,
          uniq_crazy_yiuf_cottage
D:3:      minmay_door_path, layout_loops_cross, uniq_terence

Skill      XL: |  1  2  3  4  5 |
---------------+----------------+-----
Fighting       | 3 4 |  4.1
Translocations | 3 |  3.5
Dodging        | 3 |  3.7
Polearms       | 3 |  3.1
Throwing       | |  1.0
Spellcasting   | |  2.4

Action                   |  1- 3 |  4- 6 || total
-------------------------+-------+-------++-------
Melee: Spear             |    57 |       ||    57
       Whip              |   102 |    79 ||   181
 Cast: Teleport Other    |     1 |     1 ||     2
  Use: Potion            |     1 |       ||     1
       Scroll            |       |     9 ||     9
 Stab: Sleeping          |     1 |       ||     1
Armor: Robe              |    75 |    16 ||    91
Dodge: Dodged            |   103 |    49 ||   152

Table legend: (Time is in decaauts)
 A = Elapsed time spent in this place.
 B = Non-inter-level travel time spent in this place.
 C = Inter-level travel time spent in this place.
 D = Time resting spent in this place.
 E = Time spent auto-exploring this place.
 F = Levels seen in this place.
 G = Mean time per level.
                   A        B        C        D        E       F      G
               +--------+--------+--------+--------+--------+-----+--------+
         Total |   3403 |   3357 |     46 |    405 |   2165 |   3 | 1134.3 |
       Dungeon |   3403 |   3357 |     46 |    405 |   2165 |   3 | 1134.3 |
               +--------+--------+--------+--------+--------+-----+--------+

Top non-repeatable levels by time:
     D:2: 1577 daAuts
     D:1: 1271 daAuts
     D:3: 554 daAuts
